 Dungeon Crawl Stone Soup version 0.25-a0-890-g62861fb195 (webtiles) character file.

Game seed: 15447771272409252109, levelgen mode: classic

6065 Amnesiac the Frost Mage (level 10, 0/50 HPs)
             Began as a Deep Elf Ice Elementalist on May 2, 2020.
             Was a Follower of Vehumet.
             Slain by an unseen horror (2 damage)
             ... on level 11 of the Dungeon.
             The game lasted 00:26:23 (9344 turns).

Amnesiac the Frost Mage (Deep Elf Ice Elementalist) Turns: 9344, Time: 00:26:24

Health: 0/50       AC:  4    Str:  5    XL:     10   Next: 57%
Magic:  26/26      EV: 13    Int: 24    God:    Vehumet [*.....]
Gold:   240        SH:  5    Dex: 15    Spells: 11/30 levels left

rFire    + . .     SeeInvis .   a - +0 hunting sling
rCold    + . .     Gourm    .   y - +0 buckler
rNeg     . . .     Faith    +   u - +0 robe
rPois    .         Spirit   .   d - +1 helmet
rElec    .         Reflect  .   q - scarf {repulsion}
rCorr    .         Harm     .   (no gloves)
MR       +....                  (no boots)
Stlth    ++........             P - amulet of faith (curse)
HPRegen  0.16/turn              A - ring of protection from fire
MPRegen  0.20/turn              k - ring of protection from cold

@: frozen ramparts, repel missiles
A: no striking features
a: Renounce Religion


You were on level 11 of the Dungeon.
You worshipped Vehumet.
Vehumet was aware of your devotion.
You were very hungry.

You visited 2 branches of the dungeon, and saw 12 of its levels.
You also visited: Sewer.

You collected 541 gold pieces.
You spent 301 gold pieces at shops.

Inventory:

Hand Weapons
 a - a +0 hunting sling (weapon)
 b - a +2 short sword of electrocution
 w - a +1 dagger of venom
 J - a +4 spear
Missiles
 e - 55 poisoned darts
 o - 40 sling bullets (quivered)
 v - 145 stones
Armour
 d - a +1 helmet (worn)
 q - a scarf of repulsion (worn)
 u - a +0 robe (worn)
 y - a +0 buckler (worn)
 E - a +1 cloak
 L - a scarf of cloud immunity
Jewellery
 k - a ring of protection from cold (right hand)
 A - a ring of protection from fire (left hand)
 I - an uncursed ring of flight
 P - a cursed amulet of faith (around neck)
Wands
 r - a wand of paralysis (6)
 H - a wand of acid (24)
 K - a wand of random effects (41)
 R - a wand of flame (25)
Scrolls
 h - 2 scrolls of fear {!r}
 j - 2 scrolls of magic mapping {!r}
 l - 7 scrolls of remove curse {!r}
 m - a scroll of enchant weapon {!r}
 t - 5 scrolls of teleportation {!r}
 x - a scroll of enchant armour {!r}
 F - a scroll of blinking {!r}
 M - a scroll of amnesia {!r}
 N - a scroll of identify {!r}
Potions
 f - a potion of degeneration {!q}
 i - a potion of flight {!q}
 n - 4 potions of mutation {!q}
 p - 4 potions of curing {!q}
 s - 3 potions of heal wounds {!q}
 z - 2 potions of might {!q}
 B - a potion of ambrosia {!q}
 C - 2 potions of lignification {!q}
 D - a potion of magic {!q}
 G - a potion of brilliance {!q, unknown}
 S - 2 potions of stabbing {!q, unknown}
Miscellaneous
 g - a lightning rod (4/4)
 O - a box of beasts
Comestibles
 c - 18 rations


   Skills:
 - Level 0.3 Fighting
 - Level 2.4 Dodging
 - Level 3.0 Stealth
 - Level 4.0 Shields
 + Level 10.7 Spellcasting
 * Level 12.8 Ice Magic
 - Level 5.0 Earth Magic
 - Level 4.0 Evocations


You had 11 spell levels left.
You knew the following spells:

 Your Spells              Type           Power        Failure   Level  Hunger
a - Freeze                Ice            ####         1%          1    None
b - Frozen Ramparts       Ice            ######       1%          3    None
c - Summon Ice Beast      Ice/Summ       #####...     3%          4    None
d - Passwall              Tmut/Erth      ###.....     2%          2    None
e - Lee's Rapid Deconstr  Erth           #####.....   17%         5    ####...
f - Summon Butterflies    Summ           ##......     4%          1    None
z - Ozocubu's Armour      Chrm/Ice       #####...     1%          3    None

Your spell library contained the following spells:

 Spells                   Type           Power        Failure   Level  Hunger
 Shock                    Conj/Air       ##..         4%          1    None
 Sandblast                Erth           #####.       1%          1    None
 Hailstorm                Conj/Ice       #####...     3%          4    None
 Ice Form                 Ice/Tmut       #####...     3%          4    None
 Apportation              Tloc           ##....       4%          1    None
 Beastly Appendage        Tmut           ##....       4%          1    None
 Stone Arrow              Conj/Erth      ###...       5%          3    None
 Sticks to Snakes         Tmut           ##......     8%          2    None
 Lesser Beckoning         Tloc           ##........   14%         3    None
 Spider Form              Tmut/Pois      ##........   14%         3    None
 Tukima's Dance           Hex            ##......     14%         3    None
 Petrify                  Tmut/Erth      ###.....     17%         4    None
 Alistair's Intoxication  Tmut/Pois      ##......     80%         5    ####...
 Blade Hands              Tmut           ##........   80%         5    ####...
 Invisibility             Hex            ##......     100%        6    #####..


Dungeon Overview and Level Annotations

Branches:
Dungeon (11/15)            Temple (1/1) D:4            Lair (0/6) D:8
  Sewer (visited)
    Orc: D:9-12

Altars:
Ashenzari
Cheibriados
Dithmenos
Elyvilon
Fedhas
Gozag
Hepliaklqana
Kikubaaqudgha
Makhleb
Nemelex Xobeh
Okawaru
Qazlal
Ru
Sif Muna
Trog
Uskayaw
Vehumet
Wu Jian
Xom
Yredelemnul
Zin
The Shining One

Shops:
D:8 ?   D:9 !   D:10 %

Annotations:
D:5 exclusion: upstairs


Message History

You hear a shout!
The howler monkey hoots and howls with incredible vigour!
The howler monkey barely misses you.
You hear a croak.
You hear a screech!
Casting: Frozen Ramparts (safe; 1% risk of failure)
Confirm with . or Enter, or press ? or * to list all spells.
The walls around you are covered in ice.
Something hits you.
Deactivating autopickup; reactivate with Ctrl-A.
The jackal closely misses you.
The wall freezes the worker ant.
The wall freezes the howler monkey!
The howler monkey barely misses you.
The wall freezes the jackal.
You block the jackal's attack.
An orc wizard comes into view. It is wielding a +0 dagger.
The orc wizard shouts!
Something barely misses you. Something hits you.
The wall freezes the worker ant!
The wall freezes the howler monkey!
You kill the howler monkey!
Vehumet accepts your kill.
The wall freezes the jackal.
An orc comes into view. It is wielding a +0 mace.
An orc priest comes into view. It is wielding a +0 flail.
You see here a golden ring.
Something completely misses you.
The wall freezes the worker ant.
You kill the worker ant!
Vehumet accepts your kill.
The wall freezes the jackal.
You kill the jackal!
Vehumet accepts your kill.
You feel your power returning.
The wall freezes the orc!
You kill the orc!
Vehumet accepts your kill.
You feel your power returning.
The wall freezes the jackal.
You kill the jackal!
Vehumet accepts your kill.
You feel your power returning. Something hits you but does no damage.
The howler monkey hits you.
The wall freezes the orc warrior.
Something hits you.
The howler monkey hoots and howls with incredible vigour!
You hear a croak.
You hear a screech!
You hear a shout! x2
Something hits you!
* * * LOW HITPOINT WARNING * * *
Something hits you but does no damage.
The orc wizard looks encouraged for a moment.
The orc priest mumbles some strange prayers to Beogh against you.
Beogh smites you!
* * * LOW HITPOINT WARNING * * *
The howler monkey hits you.
* * * LOW HITPOINT WARNING * * *
The howler monkey completely misses you.
Something hits you.
* * * LOW HITPOINT WARNING * * *
Something barely misses you. The jackal misses you.
A hippogriff comes into view.
The hippogriff screeches!
You hear a shout!
Something hits you.
* * * LOW HITPOINT WARNING * * *
The orc priest casts a cantrip, but nothing happens.
Something barely misses you.
A shadow imp comes into view.
The howler monkey hoots and howls with incredible vigour!
You hear a loud, deep croak!
You hear a shout! x4
Found a scroll labeled ENKISTI TOHUTEKH.
Something hits you.
You die...

## .### #....
########.....
###...........
#.hhh.o.o†#
..######.##..o.(.#
.5H....@.##.=..=.#
#?#########.>....#
#.....†# #...<..#
#......# #..<....#
#.......#
.........#
.####......


You could see a hippogriff, a howler monkey, a shadow imp and a jackal.

Vanquished Creatures
  The ghost of Yorgos the Nimble, a novice GnMo of Qazlal (D:8)
  A centaur zombie (D:9)
  Maurice (D:8)
  2 trolls
  3 hippogriffs
  A wyvern (D:9)
  Menkaure (D:6)
  5 sky beasts
  An ice beast (D:7)
  2 orc warriors
  A black bear (D:8)
  7 ogres
  2 centaurs (D:9)
  5 bullfrogs
  A big kobold (D:9)
  A water moccasin zombie (D:8)
  3 scorpions
  A wight (D:4)
  A howler monkey (D:11)
  5 crimson imps
  3 jellies
  A quasit (D:8)
  A hound (D:10)
  6 orc wizards
  A centaur skeleton (D:10)
  4 orc priests
  2 bullfrog skeletons
  Crazy Yiuf (D:3)
  2 iguanas
  7 worker ants
  A hound zombie (D:10)
  A hound skeleton (D:4)
  10 adders
  2 oozes (D:2)
  An adder skeleton (D:5)
  4 worms
  A dart slug (D:3)
  5 leopard geckos
  16 orcs
  16 giant cockroaches
  8 goblins
  9 hobgoblins
  12 jackals
  2 quokkas
  7 ball pythons
  8 bats
  15 frilled lizards
  14 kobolds
  A leopard gecko skeleton (D:4)
  A leopard gecko zombie (D:5)
  A quokka zombie (D:5)
  8 rats
216 creatures vanquished.

Vanquished Creatures (collateral kills)
  A hungry ghost (D:8)
  2 ice beasts (D:9)
  A wyvern skeleton (D:10)
  A hound (D:5)
  A hound zombie (D:5)
  A howler monkey skeleton (D:5)
  A shadow imp (D:8)
  An orc (D:10)
9 creatures vanquished.

Grand Total: 225 creatures vanquished

Notes
Turn   | Place    | Note
-------+----------+-------------------------------------------
     0 | D:1      | Amnesiac the Deep Elf Ice Elementalist began the quest for
                  | the Orb.
     0 | D:1      | Reached XP level 1. HP: 10/10 MP: 6/6
   140 | D:2      | Reached XP level 2. HP: 12/15 MP: 5/8
   412 | D:3      | Reached skill level 5 in Ice Magic
   476 | D:4      | Reached XP level 3. HP: 19/19 MP: 8/10
   481 | D:4      | Learned a level 3 spell: Frozen Ramparts
   485 | D:4      | Learned a level 3 spell: Ozocubu's Armour
   562 | D:4      | Found a glowing golden altar of the Shining One.
   646 | D:5      | Entered Level 5 of the Dungeon
   656 | D:4      | Found a staircase to the Ecumenical Temple.
   656 | D:4      | Noticed an ogre
   673 | D:5      | Noticed a scorpion
   683 | D:5      | Killed a scorpion
   683 | D:5      | Reached XP level 4. HP: 24/24 MP: 8/12
   700 | D:5      | Learned a level 4 spell: Summon Ice Beast
   721 | D:6      | Noticed a bullfrog
   731 | D:5      | Reached skill level 6 in Ice Magic
   757 | D:5      | HP: 1/24 [poisoned by a worker ant]
  1009 | D:5      | Reached XP level 5. HP: 18/28 MP: 1/13
  1097 | D:5      | Reached skill level 5 in Spellcasting
  1110 | D:5      | Found an iron altar of Okawaru.
  1137 | D:5      | Found a glowing drain.
  1146 | Sewer    | Entered a sewer
  1417 | Sewer    | Reached skill level 7 in Ice Magic
  1417 | Sewer    | Reached XP level 6. HP: 28/32 MP: 9/16
  2015 | Temple   | Entered the Ecumenical Temple
  2196 | D:3      | Reached XP level 7. HP: 23/36 MP: 16/18
  2230 | D:3      | Reached skill level 8 in Ice Magic
  2320 | D:2      | Found a shadowy altar of Dithmenos.
  2625 | D:2      | You fall into a shaft and drop 1 floor!
  3168 | D:1      | You fall into a shaft and drop 1 floor!
  4340 | D:3      | Found a blossoming altar of Fedhas.
  4487 | D:3      | Found a runed translucent door.
  4488 | D:3      | Noticed Crazy Yiuf
  4546 | D:3      | Killed Crazy Yiuf
  4897 | D:3      | Found a burning altar of Makhleb.
  4900 | D:3      | Noticed a green death
  4902 | D:3      | Found a glowing silver altar of Zin.
  4902 | D:3      | Noticed an angel
  4988 | D:4      | Found a hazy altar of Hepliaklqana.
  4994 | D:4      | Reached skill level 1 in Shields
  5105 | D:4      | Reached skill level 9 in Ice Magic
  5110 | D:4      | Reached XP level 8. HP: 17/41 MP: 17/20
  5568 | D:6      | Noticed Menkaure
  5573 | D:6      | Killed Menkaure
  6001 | D:7      | Found a hide-covered altar of Uskayaw.
  6084 | D:8      | Noticed a troll
  6093 | D:8      | Reached skill level 10 in Ice Magic
  6096 | D:8      | Killed a troll
  6160 | D:7      | Noticed a hippogriff
  6173 | D:8      | Found a shadowy altar of Dithmenos.
  6209 | D:8      | Reached XP level 9. HP: 44/45 MP: 20/23
  6220 | D:8      | You fall into a shaft and drop 1 floor!
  6232 | D:8      | Found the +8 orange crystal plate armour {Archmagi, Int+3
                  | Clar}
  6466 | D:8      | Learned a level 2 spell: Passwall
  6468 | D:8      | Learned a level 1 spell: Summon Butterflies
  6678 | D:8      | Found a large runed translucent door.
  6678 | D:8      | Found a large runed translucent door.
  6684 | D:8      | Reached skill level 11 in Ice Magic
  6716 | D:8      | Learned a level 5 spell: Lee's Rapid Deconstruction
  6749 | D:8      | Reached skill level 1 in Earth Magic
  6859 | D:8      | Found a sparkling altar of Nemelex Xobeh.
  6956 | D:8      | Found Plog's Magic Scroll Emporium.
  6962 | D:8      | Bought a scroll of enchant weapon for 105 gold pieces
  6962 | D:8      | Bought a scroll of blinking for 105 gold pieces
  6962 | D:8      | Bought a scroll of amnesia for 49 gold pieces
  6975 | D:8      | Found a staircase to the Lair.
  6981 | D:8      | Noticed Maurice
  6991 | D:8      | Killed Maurice
  7107 | D:8      | Noticed Yorgos's ghost (novice GnMo)
  7147 | D:8      | Reached skill level 5 in Earth Magic
  7498 | D:9      | Reached skill level 1 in Evocations
  7530 | D:9      | Found an ornate altar of the Wu Jian Council.
  7536 | D:9      | Found an opulent altar of Gozag.
  7602 | D:9      | Found Usoysh's Distillery.
  7614 | D:9      | Bought a potion of lignification for 42 gold pieces
  7619 | D:9      | Found a radiant altar of Vehumet.
  7641 | D:9      | Noticed a troll
  7645 | D:9      | Became a worshipper of Vehumet
  7650 | D:9      | Killed a troll
  7665 | D:9      | Reached XP level 10. HP: 45/50 MP: 22/25
  7680 | D:9      | Found a shimmering blue altar of Sif Muna.
  7772 | D:9      | Found a basalt altar of Yredelemnul.
  7852 | D:9      | Found a snail-covered altar of Cheibriados.
  8037 | D:9      | Found a white marble altar of Elyvilon.
  8042 | D:9      | Reached skill level 12 in Ice Magic
  8235 | D:8      | Killed Yorgos's ghost
  8235 | D:8      | Reached skill level 10 in Spellcasting
  8309 | D:10     | Entered Level 10 of the Dungeon
  8436 | D:10     | Reached * piety under Vehumet
  8436 | D:10     | Offered knowledge of Shock by Vehumet.
  8694 | D:10     | Found Peenoafi's Food Boutique.
  9343 | D:11     | HP: 2/50 [something (3)]
  9344 | D:11     | Slain by an unseen horror

Levels and vault maps discovered:
D:1:      nzn_arrival_depleted_hourglass, layout_basic, serial_curves,
          eino_curves_02, eino_curves_02, eino_curves_04, eino_curves_02,
          minmay_pentomino_v2
D:2:      minmay_razor_zed, layout_basic, nicolae_dithmenos_shadow_blocks
D:3:      layout_loops_ring, grunt_temple_overflow_order_and_chaos_2,
          first_ration, fedhas_altar_4, uniq_crazy_yiuf_cottage
D:4:      layout_loops_cross, kennysheep_mini_moat, old_standard_altar,
          minmay_temple_entry_offerings, minmay_quantized
D:5:      layout_gridville, overflow_temple_1_default, portal_sewer_entry_a
D:6:      layout_basic, tso_altar, uniq_menkaure
D:7:      layout_loops_corners, basic_altar, serial_rivers,
          chequers_serial_rivers_large_b, chequers_serial_rivers_micro_d,
          chequers_serial_rivers_micro_e, chequers_serial_rivers_marsh,
          grunt_ogre_cave, chequers_garden, minivault_5
D:8:      layout_basic, lemuel_doored_altar, lair_entry_dummy,
          ebering_ghost_disaster_area, serial_shops, kennysheep_mini,
          basic_altar, uniq_maurice
D:9:      layout_cave_pools, nicolae_gozag_seed_capital, lemuel_round_altar,
          lemuel_round_altar, lemuel_crystal_altar, grunt_temple_overflow_open,
          serial_shops, nicolae_shop_stone, minmay_holes,
          yredelemnul_altar_generic
D:10:     layout_irregular_city, serial_shops, shop
D:11:     layout_rooms
Temple:   nicolae_temple_figure_zero

Skill      XL: |  1  2  3  4  5  6  7  8  9 10 |
---------------+-------------------------------+-----
Ice Magic      | 5 6 7 9 10 11 12 | 12.8
Spellcasting   | 4 5 6 7 8 9 10 | 10.7
Stealth        | 3 |  3.0
Shields        | 1 3 4 |  4.0
Earth Magic    | 5 |  5.0
Evocations     | 2 4 |  4.0
Fighting       | |  0.3
Dodging        | |  2.4

Action                   |  1- 3 |  4- 6 |  7- 9 | 10-12 || total
-------------------------+-------+-------+-------+-------++-------
Melee: Long sword        |       |    20 |     6 |       ||    26
       Unarmed           |       |     1 |       |       ||     1
       Short sword       |       |       |    32 |       ||    32
       Hunting sling     |       |       |     1 |       ||     1
 Fire: Hunting sling     |       |       |   250 |    97 ||   347
Throw: Dart              |     8 |    13 |       |       ||    21
 Cast: Freeze            |    27 |    34 |    62 |    22 ||   145
       Frozen Ramparts   |     1 |    13 |    41 |    18 ||    73
       Summon Ice Beast  |       |     2 |     5 |     3 ||    10
       Ozocubu's Armour  |       |     1 |     6 |     4 ||    11
Evoke: Wand              |       |       |    18 |       ||    18
  Use: Potion            |       |     1 |       |       ||     1
       Scroll            |       |     3 |    11 |     3 ||    17
  Eat: Chunk             |       |     5 |    14 |     5 ||    24
       Ration            |       |       |     1 |       ||     1
Armor: Robe              |     7 |    14 |    38 |    23 ||    82
Dodge: Dodged            |    23 |    64 |    99 |    44 ||   230
       Repelled          |       |       |     2 |       ||     2
Block: Buckler           |       |       |    17 |    18 ||    35
       Rpst.: Long sword |       |    17 |     8 |       ||    25

Table legend:
 A = Non-vault XP
 B = Vault XP
 C = Vault XP percentage of total XP
 D = Non-vault monster count
 E = Vault monster count
 F = Vault count percentage of total count
                 A         B        C        D         E       F
            +---------+---------+-------+---------+---------+-------
      Total |    6791 |    1874 |  21.6 |     180 |      45 |  20.0
            +---------+---------+-------+---------+---------+-------
        D:1 |      33 |       1 |   2.9 |      18 |       1 |   5.3
        D:2 |     105 |      28 |  21.1 |      24 |      13 |  35.1
        D:3 |     131 |      37 |  22.0 |      30 |       1 |   3.2
        D:4 |     433 |     201 |  31.7 |      10 |       4 |  28.6
        D:5 |     422 |       7 |   1.6 |      17 |       4 |  19.0
        D:6 |     144 |     172 |  54.4 |       4 |       1 |  20.0
        D:7 |     275 |       0 |   0.0 |       4 |       0 |   0.0
        D:8 |    1751 |    1298 |  42.6 |      30 |       2 |   6.2
        D:9 |    2039 |       0 |   0.0 |      19 |       0 |   0.0
       D:10 |    1364 |       0 |   0.0 |      19 |       0 |   0.0
       D:11 |      94 |       0 |   0.0 |       5 |       0 |   0.0
      Sewer |       0 |     130 | 100.0 |       0 |      19 | 100.0
            +---------+---------+-------+---------+---------+-------
